 Dungeon Crawl Stone Soup version 0.27.1-37-g7b29ead8ac (console) character file.

Game seed: 13614473271944616437

92708 grimtooth the Arsonist (level 15, -9/132 HPs)
             Began as a Demigod Fire Elementalist on Apr 7, 2023.
             Mangled by an orc knight (26 damage)
             ... on level 15 of the Dungeon on Apr 10, 2023.
             The game lasted 04:13:18 (42506 turns).

grimtooth the Arsonist (Demigod Fire Elementalist) Turns: 42506, Time: 04:13:19

Health: -9/132     AC: 18    Str: 13    XL:     15   Next: 16%
Magic:  3/28       EV: 16    Int: 39    God:
Gold:   1895       SH:  5    Dex: 14    Spells: 4/26 levels left

rFire    + . .     SeeInvis .   a - +9 short sword {elec, Int+6 Stlth+}
rCold    x . .     Faith    .   K - +0 buckler
rNeg     . . .     Spirit   .   L - +0 steam dragon scales
rPois    .         Reflect  .   (no helmet)
rElec    .         Harm     .   Q - +1 cloak {rCorr}
rCorr    +         Rampage  .   l - +2 pair of gloves {archery}
Will     +....                  O - +1 pair of boots
Stlth    ++++......             R - amulet of the acrobat
HPRegen  0.32/turn              e - +4 ring of protection
MPRegen  0.21/turn              D - ring of fire

@: no status effects
A: high mp 1, forlorn
a: no special abilities


You were on level 15 of the Dungeon.
You visited 3 branches of the dungeon, and saw 23 of its levels.
You also visited: Sewer, Gauntlet, Ice Cave and Volcano.

You collected 2203 gold pieces.
You spent 308 gold pieces at shops.

Inventory:

Hand Weapons
 a - the +9 short sword of Foolhardiness (weapon) {elec, Int+6 Stlth+}
   (You found it on level 15 of the Dungeon)

   It occasionally discharges a powerful burst of electricity upon striking a
   foe.
   Int:       It affects your intelligence (+6).
   Stlth:     It makes you more stealthy.
 b - a +4 broad axe of flaming
Missiles
 n - 98 poisoned darts (quivered)
 y - 5 curare-tipped darts
 C - 40 boomerangs
Armour
 l - a +2 pair of gloves of archery (worn)
 K - a +0 buckler (worn)
 L - +0 steam dragon scales (worn)
 O - a +1 pair of boots (worn)
 Q - a +1 cloak of preservation (worn)
Magical Staves
 W - a staff of earth
Jewellery
 c - a ring of willpower
 e - a +4 ring of protection (left hand)
 k - the ring "Zijukh" {Ice Fly rPois rN+ Slay-4}
   (You found it in a Gauntlet)

   [ring of ice]

   It enhances your ice magic.
   Slay:      It affects your accuracy & damage with ranged weapons and melee
   (-4).
   rF:        It makes you vulnerable to fire.
   rC:        It protects you from cold.
   rPois:     It protects you from poison.
   rN:        It protects you from negative energy.
   Fly:       It grants you flight.
 D - a ring of fire (right hand)
 E - the ring "Dunuutta" {Str+5 Slay+4}
   (You took it off a minotaur in a Gauntlet)

   [ring of slaying]

   Str:       It affects your strength (+5).
   Slay:      It affects your accuracy & damage with ranged weapons and melee
   (+4).
 H - a ring of flight
 M - a +6 ring of intelligence
 R - an amulet of the acrobat (around neck)
 U - a ring of protection from cold
 V - a ring of wizardry
 Y - a ring of willpower
Wands
 f - a wand of flame (19)
 j - a wand of polymorph (18)
 q - a wand of paralysis (2)
 v - a wand of digging (5)
 X - a wand of charming (8)
Scrolls
 d - a scroll of silence
 g - a scroll of summoning
 p - 2 scrolls of vulnerability {unknown}
 s - 3 scrolls of fog
 t - 3 scrolls of magic mapping
 w - 3 scrolls of fear
 z - 2 scrolls of enchant weapon {unknown}
 J - 4 scrolls of blinking
 S - 3 scrolls of teleportation
 Z - a scroll of acquirement
Potions
 i - 3 potions of cancellation
 m - 4 potions of might
 o - a potion of ambrosia
 r - 9 potions of curing
 u - a potion of invisibility
 B - 4 potions of resistance
 F - 8 potions of haste
 G - a potion of magic {unknown}
 N - 6 potions of heal wounds
Miscellaneous
 x - a phial of floods (inert)


   Skills:
 - Level 12.0 Fighting
 * Level 5.4 Short Blades
 - Level 6.0 Armour
 - Level 9.0 Dodging
 - Level 4.0 Stealth
 - Level 6.0 Shields
 - Level 6.0 Spellcasting
 - Level 12.0 Conjurations
 - Level 12.0 Fire Magic
 + Level 0.0 Earth Magic
 - Level 6.0 Evocations


You had 4 spell levels left.
You knew the following spells:

 Your Spells              Type           Power      Damage    Failure   Level
a - Foxfire               Conj/Fire      100%       2x1d9     1%          1
c - Conjure Flame         Conj/Fire      100%       6-21      1%          3
d - Sticky Flame          Conj/Fire      100%       2d11      1%          4
e - Inner Flame           Hex/Fire       73%        N/A       1%          3
f - Fireball              Conj/Fire      51%        3d20      1%          5
g - Bolt of Magma         Conj/Fire/Erth 42%        4d18      3%          5
p - Apportation           Tloc           22%        N/A       2%          1

Your spell library contained the following spells:

 Spells                   Type           Power      Damage    Failure   Level
 Shock                    Conj/Air       100%       1d9       1%          1
 Ignite Poison            Fire/Tmut/Pois 59%        N/A       1%          3
 Mephitic Cloud           Conj/Pois/Air  42%        N/A       1%          3
 Stone Arrow              Conj/Erth      100%       3d13      1%          3
 Freeze                   Ice            44%        1d6       2%          1
 Hailstorm                Conj/Ice       55%        3d12      2%          4
 Frozen Ramparts          Ice            22%        1d4       9%          3
 Animate Armour           Summ/Erth      22%        N/A       28%         4
 Starburst                Conj/Fire      51%        6d14      3%          6
 Iron Shot                Conj/Erth      27%        9d6       36%         6
 Alistair's Intoxication  Tmut/Pois      7%         N/A       61%         5
 Borgnjor's Vile Clutch   Necr/Erth      5%         N/A       61%         5
 Summon Forest            Summ/Tloc      5%         N/A       61%         5
 Ignition                 Fire           51%        3d14      80%         8
 Eringya's Noxious Bog    Tmut/Pois      5%         N/A       99%         6
 Invisibility             Hex            5%         N/A       99%         6
 Summon Hydra             Summ           5%         N/A       100%        7
 Lehudib's Crystal Spear  Conj/Erth      27%        10d7      100%        8


Dungeon Overview and Level Annotations

Branches:
Dungeon (15/15)            Temple (0/1) D:5            Lair (6/6) D:10
  Swamp (0/4) Lair:2       Spider (0/4) Lair:2        Slime (0/5) Lair:6
    Orc (2/2) D:9             Elf (0/3) Orc:2        Vaults (0/5) D:13
 Depths (0/5) D:15          Sewer (visited)           IceCv (visited)
Volcano (visited)         Gauntlet (visited)

Shops:
Orc:1 !   Orc:2 ([([

Portals:
Trove: D:11 (show abyssal rune of Zot)

Annotations:
D:11 Snorg
D:12 Frances
Lair:6 1 runed translucent door, 1 exclusion


Innate Abilities, Weirdness & Mutations

Your attributes grow dramatically as you level up.
You have an increased reservoir of magic. (+10% MP)
You shall have no god before yourself.


Message History

You block the orc knight's attack.
You barely miss the orc knight. The orc warrior barely misses you.
You hit the orc knight but do no damage.
The orc knight hits you with a +2 broad axe!
The orc warrior misses you.
You hit the orc knight.
Lightning courses through the orc knight!
The orc knight is moderately wounded.
The orc warrior hits you from afar with a +0 glaive!
The orc knight hits you with a +2 broad axe!
You block the orc warrior's attack.
You closely miss the orc warrior. You block the orc knight's attack.
The orc warrior closely misses you.
You hit the orc warrior but do no damage.
Lightning courses through the orc warrior!
The orc warrior is heavily wounded.
You block the orc knight's attack. The orc warrior misses you.
You closely miss the orc warrior.
The orc warrior is heavily wounded.
The orc priest calls upon Beogh to heal the orc warrior.
The orc warrior is healed somewhat.
The orc knight completely misses you.
You completely miss the orc warrior.
The orc warrior is moderately wounded.
The orc warrior hits you with a +0 glaive!
The orc priest calls down the wrath of Beogh upon you.
Beogh smites you!
The orc knight hits you with a +2 broad axe.
You completely miss the orc warrior.
The orc warrior is moderately wounded.
The orc warrior hits you with a +0 glaive!!
* * * LOW HITPOINT WARNING * * *
You barely miss the orc warrior.
The orc warrior is moderately wounded.
The orc knight closely misses you.
The orc warrior hits you with a +0 glaive!
* * * LOW HITPOINT WARNING * * *
You barely miss the orc warrior.
The orc warrior is moderately wounded.
The orc knight hits you with a +2 broad axe!!
You die...

P..>.8,8,,,*
.....88.,8** .8......,,*
.8......,,* .....88..,*
P.......8** ..8....o###
.....o....###
....#....o..#
...##.....#)##########
..###......(()oo@....###
......#.###.#####o.....#
#######.....# #.##.#.#
#.##### #.#.#..# ##'##
#..###.## # ##...## #.##
##.# # ##.....##
#..###.## # ##.......##
##.#.#..#
###.........####.....#.#
..'.?...<...'.....u....#
###.........####....####


You could see an orc knight, an orc warrior (strong) and an orc priest (strong).

Vanquished Creatures
  An orc warlord (Orc:2)
  A reaper (IceCv)
  A minotaur (Gauntlet)
  Josephine (D:11)
  8 hydras
  2 centaur warriors
  3 two-headed ogres
  11 death yaks
  3 tengu warriors
  Urug (D:11)
  3 orc high priests (Orc:2)
  A hell knight (Volcano)
  Nergalle (Lair:2)
  3 skeletal warriors (D:11)
  A sixfirhy (Gauntlet)
  A lindwurm (Lair:6)
  5 ugly things
  3 orc knights
  A spectral centaur (Gauntlet)
  7 cyclopes
  2 manticores
  5 orc sorcerers (Orc:2)
  8 elephants (Lair:6)
  A fire giant skeleton (D:15)
  11 centaur zombies
  2 ice statues (IceCv)
  4 black mambas
  5 torpor snails (Lair:6)
  11 cane toads
  A smoke demon (Volcano)
  A yaktaur (D:11)
  An efreet (D:13)
  A kobold demonologist (D:13)
  3 rime drakes
  7 ice devils (IceCv)
  13 komodo dragons
  2 entropy weaver simulacra (IceCv)
  2 hellwings (D:9)
  A guardian mummy (D:15)
  2 tengu conjurers (D:15)
  A queen bee (shapeshifter) (D:13)
  A jumping spider (Lair:2)
  2 red devils (Volcano)
  3 anaconda simulacra (IceCv)
  4 trolls
  4 tyrant leeches (Lair:6)
  A wind drake (Gauntlet)
  Prince Ribbit (D:8)
  3 polar bears
  9 hornets
  9 blink frogs
  A slime creature (D:13)
  6 dream sheep
  Sigmund (D:2)
  2 redbacks (Lair:2)
  A spriggan (Lair:3)
  5 flying skulls (Gauntlet)
  An ettin skeleton (D:15)
  A shadow (D:12)
  A basilisk (shapeshifter) (D:13)
  2 vampires
  2 dire elephant simulacra (IceCv)
  A wyvern (Lair:6)
  9 wraiths
  A human (shapeshifter) (D:13)
  54 yaks
  2 steam dragons
  6 basilisks
  3 harpy simulacra (IceCv)
  4 vampire mosquitoes
  4 swamp worms (Lair:2)
  4 wargs
  2 hell hounds
  3 acid dragons
  13 water moccasins
  A swamp drake (D:9)
  3 black bears
  A hornet zombie (D:9)
  40 orc warriors
  3 ice beasts
  A necrophage (D:4)
  4 wolves
  7 ogres
  5 centaurs
  A phantom (D:4)
  12 bullfrogs
  8 kobold brigands
  A wyvern zombie (D:8)
  3 gnoll sergeants
  2 scorpions
  A cane toad simulacrum (Lair:2)
  A water moccasin zombie (D:5)
  2 water moccasin skeletons
  3 killer bees (D:9)
  3 wights (D:7)
  2 electric eels (Lair:3)
  A howler monkey (D:8)
  2 bullfrog zombies
  2 hounds (D:6)
  A jelly (D:7)
  22 orc priests
  A centaur skeleton (D:7)
  A bullfrog skeleton (D:5)
  Jessica (D:2)
  2 iguanas
  28 orc wizards
  A troll simulacrum (IceCv)
  2 spriggan simulacra (IceCv)
  A polar bear simulacrum (Lair:2)
  4 howler monkey zombies
  18 gnolls
  A naga simulacrum (IceCv)
  11 adders
  2 river rats
  5 shadow imps
  A white imp (D:6)
  4 ufetubi (Gauntlet)
  A worm (Sewer)
  2 dart slugs
  96 orcs
  4 bats
  7 endoplasms
  4 giant cockroaches
  8 goblins
  3 hobgoblins
  3 jackals
  3 quokkas
  9 ball pythons
  4 frilled lizards
  25 kobolds
  15 rats
  A bush (Lair:2)
708 creatures vanquished.

Vanquished Creatures (collateral kills)
  5 foxfires
5 creatures vanquished.

Vanquished Creatures (others)
  An orc (D:9)
  1546 foxfires
  67 fungi
  119 plants
  26 withered plants
1759 creatures vanquished.

Grand Total: 2472 creatures vanquished

Notes
Turn   | Place    | Note
-------+----------+-------------------------------------------
     0 | D:1      | grimtooth the Demigod Fire Elementalist began the quest for
                  | the Orb.
     0 | D:1      | Reached XP level 1. HP: 14/14 MP: 5/5
    71 | D:1      | Reached skill level 1 in Conjurations
   332 | D:1      | Reached XP level 2. HP: 20/20 MP: 2/7
  1682 | D:2      | Reached XP level 3. HP: 26/26 MP: 4/8
  1719 | D:2      | Noticed Sigmund
  1869 | D:2      | Noticed Jessica
  3002 | D:4      | Noticed a phantom
  3011 | D:4      | Killed a phantom
  3012 | D:4      | Reached XP level 4. HP: 33/33 MP: 2/9
  3713 | D:4      | Learned a level 3 spell: Conjure Flame
  3765 | D:4      | Noticed a necrophage
  3784 | D:4      | Killed a necrophage
  3785 | D:4      | Reached XP level 5. HP: 30/38 MP: 4/10
  4109 | D:4      | Reached skill level 5 in Fire Magic
  4109 | D:4      | Reached XP level 6. HP: 26/45 MP: 6/11
  4424 | D:5      | Entered Level 5 of the Dungeon
  4826 | D:5      | Noticed a water moccasin
  4831 | D:5      | Killed a water moccasin
  4832 | D:5      | Reached skill level 5 in Conjurations
  4832 | D:5      | Reached XP level 7. HP: 50/50 MP: 7/12
  5056 | D:5      | - oh im gettin ticked off
  5056 | D:5      | - how can i be so distant now
  5115 | D:5      | - its right there... and so are all these dudes
  5155 | D:5      | Found a glowing drain.
  5159 | Sewer    | Entered a sewer
  5160 | Sewer    | - yay
  5167 | Sewer    | - but its this one
  6033 | Sewer    | Reached XP level 8. HP: 47/58 MP: 13/17
  6218 | Sewer    | Reached skill level 1 in Fighting
  6644 | D:5      | Found a staircase to the Ecumenical Temple.
  7262 | D:5      | Learned a level 4 spell: Sticky Flame
  8109 | D:6      | Reached XP level 9. HP: 69/69 MP: 14/18
  8699 | D:2      | Killed Jessica
  8727 | D:2      | Killed Sigmund
 10421 | D:8      | Noticed Prince Ribbit
 10845 | D:8      | Learned a level 5 spell: Fireball
 11175 | D:8      | Killed Prince Ribbit
 12044 | D:9      | Noticed a hellwing
 12265 | D:9      | Noticed a hellwing
 12283 | D:9      | Killed a hellwing
 12284 | D:9      | Reached XP level 10. HP: 58/80 MP: 5/19
 12542 | D:9      | Reached skill level 5 in Fighting
 12848 | D:9      | Noticed a deep elf pyromancer
 13288 | D:9      | Reached skill level 5 in Dodging
 13536 | D:9      | Noticed a cyclops
 14181 | D:9      | Reached skill level 1 in Shields
 14268 | D:9      | Found a staircase to the Orcish Mines.
 14294 | D:9      | Noticed a cyan ugly thing
 14644 | D:9      | Killed a cyclops
 14645 | D:9      | Reached XP level 11. HP: 89/89 MP: 7/21
 15050 | D:9      | - no armour, no spells, no jewellert
 15054 | D:9      | Learned a level 3 spell: Inner Flame
 15068 | D:10     | Entered Level 10 of the Dungeon
 15161 | D:10     | Reached skill level 5 in Spellcasting
 15732 | D:10     | Found a staircase to the Lair.
 16535 | Lair:1   | Entered Level 1 of the Lair of Beasts
 17266 | Lair:1   | You fall into a shaft and drop 1 floor!
 17266 | Lair:2   | Found a dark tunnel.
 17270 | Volcano  | Entered a volcano
 17291 | Volcano  | Noticed a hell knight
 17317 | Volcano  | Reached skill level 5 in Shields
 17317 | Volcano  | Killed a hell knight
 17422 | Lair:2   | Noticed Nergalle
 17428 | Lair:2   | Found a frozen archway.
 17450 | Lair:2   | Learned a level 1 spell: Apportation
 17559 | IceCv    | Entered an ice cave
 17809 | IceCv    | - i think this one killed me last time
 17809 | IceCv    | - shrike shrimulacra
 19273 | IceCv    | Reached skill level 10 in Conjurations
 19273 | IceCv    | Reached skill level 10 in Fire Magic
 19389 | IceCv    | Reached XP level 12. HP: 97/97 MP: 16/25
 19439 | IceCv    | Noticed a reaper
 19524 | IceCv    | Killed a reaper
 19912 | Lair:2   | Noticed an eight-headed hydra
 19915 | Lair:2   | Noticed a seven-headed hydra
 20568 | Lair:2   | Killed Nergalle
 21021 | Lair:2   | Found a hole to the Spider Nest.
 21744 | Lair:2   | Found a staircase to the Swamp.
 22783 | Lair:3   | Noticed a six-headed hydra
 22803 | Lair:3   | Killed a five-headed hydra
 23062 | Lair:3   | Noticed a four-headed hydra
 23085 | Lair:3   | Killed a one-headed hydra
 23440 | Lair:4   | Noticed a five-headed hydra
 23582 | Lair:4   | Noticed Sonja
 24215 | Lair:3   | Killed a five-headed hydra
 24223 | Lair:3   | Reached XP level 13. HP: 42/111 MP: 8/26
 24633 | Lair:4   | Noticed Sonja
 24633 | Lair:4   | Sonja changed into Sonja the hornet
 24644 | Lair:4   | Killed Sonja the hornet
 27507 | Lair:5   | Got the Incunabulum of Clay
 27873 | Lair:5   | You fall into a shaft and drop 1 floor!
 27873 | Lair:6   | Entered Level 6 of the Lair of Beasts
 28839 | Lair:6   | Reached skill level 1 in Evocations
 30274 | Lair:6   | Found a staircase to the Slime Pits.
 30358 | Lair:6   | Reached skill level 10 in Fighting
 30358 | Lair:6   | Reached XP level 14. HP: 93/121 MP: 10/27
 30899 | Lair:6   | Found a runed translucent door.
 31389 | Lair:6   | Paralysed by a hornet for 2 turns
 32114 | Orc:1    | Entered Level 1 of the Orcish Mines
 32114 | Orc:1    | Found Kanueroj's Distillery.
 33118 | Orc:1    | Got Sif Muna's Guide on the Hurtful Birds
 33377 | Orc:2    | Entered Level 2 of the Orcish Mines
 33948 | Orc:2    | Found a staircase to the Elven Halls.
 34032 | Orc:2    | Found a runed translucent door.
 34706 | Orc:2    | Found Zaczeyz's Weapon Boutique.
 35151 | Orc:2    | Noticed an orc warlord
 35165 | Orc:2    | Reached skill level 5 in Evocations
 35317 | Orc:2    | Killed an orc warlord
 35461 | Orc:2    | Found Caunkuh's Antique Armour Shoppe.
 35467 | Orc:2    | Found Ikizeph's Antique Weapon Emporium.
 35832 | Orc:2    | Found Toteg's Armour Emporium.
 36515 | Orc:1    | Bought 2 potions of curing for 66 gold pieces
 36515 | Orc:1    | Bought a potion of ambrosia for 88 gold pieces
 36515 | Orc:1    | Bought a potion of heal wounds for 55 gold pieces
 36515 | Orc:1    | Bought a potion of heal wounds for 55 gold pieces
 36515 | Orc:1    | Bought a potion of might for 44 gold pieces
 36960 | D:11     | Noticed Snorg
 37166 | D:11     | Found a portal to a secret trove of treasure.
 37414 | D:11     | Noticed Urug
 37429 | D:11     | Killed Urug
 37551 | D:11     | Learned a level 5 spell: Bolt of Magma
 37628 | D:11     | Noticed Josephine
 37638 | D:11     | Killed Josephine
 37639 | D:11     | Reached skill level 1 in Armour
 38515 | D:11     | Identified a scroll of acquirement
 38745 | D:12     | Noticed Frances
 39861 | D:13     | You fall into a shaft and drop 2 floors!
 39861 | D:15     | Entered Level 15 of the Dungeon
 39878 | D:15     | Identified the +9 short sword of Foolhardiness {elec, Int+6
                  | Stlth+}
 39916 | D:15     | Reached skill level 1 in Short Blades
 40139 | D:15     | Found a staircase to the Depths.
 40207 | D:15     | Found a gate leading to a gauntlet.
 40255 | Gauntlet | Entered a Gauntlet
 40255 | Gauntlet | Found a transporter.
 40255 | Gauntlet | Found a transporter.
 40261 | Gauntlet | Found a transporter.
 40264 | Gauntlet | Found a transporter.
 40265 | Gauntlet | Found a transporter.
 40267 | Gauntlet | Found a transporter.
 40306 | Gauntlet | Found a transporter.
 40309 | Gauntlet | Found a transporter.
 40309 | Gauntlet | Found a transporter.
 40321 | Gauntlet | Found a transporter.
 40338 | Gauntlet | Found a transporter.
 40353 | Gauntlet | Found a runed translucent gate.
 40354 | Gauntlet | Found a transporter.
 40354 | Gauntlet | Found a runed translucent gate.
 40355 | Gauntlet | Found a runed translucent gate.
 40358 | Gauntlet | Found a transporter.
 40403 | Gauntlet | Found a transporter.
 40522 | Gauntlet | Reached skill level 5 in Armour
 40836 | Gauntlet | Identified the ring "Zijukh" {Ice Fly rPois rN+ Slay-4}
 40851 | Gauntlet | Identified the ring "Dunuutta" {Str+5 Slay+4}
 41301 | D:13     | Reached XP level 15. HP: 87/132 MP: 23/28
 42151 | D:13     | Found a gate to the Vaults.
 42454 | D:15     | Reached skill level 5 in Short Blades
 42506 | D:15     | Mangled by an orc knight

Illustrated notes

.#.........##.# #.....?#
.#.........##.# #######....†!#
.#.........##.# #.....+......#
.#.........##.######'#####......#
.#.........##.#..........#......#
.#.........##.#..))......#......#
.#..............................#
.###...#.......>.............####
...(...##.....#.##.#.####....#
###..............#.#.####....####
#.......#####.@)...............
#.......# #)#)#.......##......
#.......# .#v#.#.......##.#####
#.......#....#.#.......##.##
#...........§..#.#+######..#
####....#.##..)..#.#######.####
#.##.#.####.....#........... #.#
.#.#..#........####..### #.##
#.#..#.#..##..#.......#
#.##.#.#..# #...#.......#
#.#.......# #+#...........#


Turn 5056 on D:5: - oh im gettin ticked off ######## ## ##......## .#
#...'##'.## .# #Shr#≈≈#..# ?# #@.##≈≈##.# !# #..#≈≈≈≈#.# .# #..#≈≈≈≈#.# .#
#..##≈≈##.. .# ############...#≈≈#..# .# #.............##++##.# .#
#.......#####.# #.## ## #.......# #.######?.# #.......# ##.........#
#####.......####..####.##.## ..........................># Turn 5115 on D:5: -
its right there... and so are all these dudes .≈≈≈≈≈.≈.≈. .≈≈≈≈≈≈≈. #...≈.≈≈#
##≈....≈≈## ≈##≈≈..≈≈≈.≈##≈ ≈≈.≈.≈......≈≈. ≈≈.≈≈..≈≈.≈.≈≈≈ ..≈..≈.@..≈≈≈.≈
..≈.≈....≈≈≈≈.≈ ≈.≈≈...∩.≈≈≈.≈≈ ≈≈..≈......≈.≈≈ ≈.≈.≈.≈≈..≈.... .##≈..≈≈.≈≈≈##≈
##≈......## #≈.≈≈.≈.# Turn 5160 on Sewer: - yay .≈≈##≈≈..≈≈≈.≈##≈
..≈≈.≈.≈......≈≈. #≈≈≈.≈≈..≈≈.≈.≈≈≈ #≈..≈..≈.∩..≈≈≈.≈ #≈..≈.≈....≈≈≈≈.≈
#.≈.≈≈...∩.≈≈≈.≈≈ #≈≈≈..≈......≈.≈≈ ≈≈≈.≈.≈.≈≈..≈.... ...##≈..≈≈.≈≈≈##≈ ≈≈
##≈......## ≈ #@.≈≈.≈.# #.≈≈≈≈.≈≈≈# ≈.≈≈≈≈.≈≈≈≈≈ #≈≈...#####.≈≈ #.≈≈.## #≈.
#≈..# #. #≈.. #.≈. Turn 5167 on Sewer: - but its this one
######..#.##........... ###......##.############# #...#######.# ###### #.### #.#
###..... #########.# #.# ##...###. ...>......### #.# #..##.... ######......####
#)# #.###.### # #...###....####.#####.##..# #####.### ####.#..........##.##
......# #...##.####.....# ###...# ##.@.#.##...##### ##..#.# ##.............####
...##.## #..##..#######..... ...##..# ##.###..# ###### ...###.#### ##..#....#
##..##....###..##.#.####### ##### ###.#####....)............###..Y.
............###...#.#.........### ###.............#.....######.....
.####..#######..#.#.### #####. .##...## ###....#.# ## Turn 15050 on D:9: - no
armour, no spells, no jewellert ##...## ##.....## #...∩...# #...∩...# ##.....##
##...## #...## ##...# ##...# #...## #..@# #.....# #.......... .............
.............# ..............# ..............# ......⌠.......# Turn 17809 on
IceCv: - i think this one killed me last time

Levels and vault maps discovered:
D:1:      dpeg_arrival_houses_and_road, layout_basic,
          shapermc_ecumenical_altar_notcrosses
D:2:      layout_basic, basic_altar, guppyfry_early_lair_pool, uniq_sigmund,
          uniq_jessica
D:3:      layout_rooms, kennysheep_path_1, minmay_diced_spiral
D:4:      layout_gridville, minivault_1
D:5:      layout_basic, cheibriados_altar_1, minmay_temple_entry_tees,
          gup_sewer_entry_bowl
D:6:      layout_gridville
D:7:      layout_basic, minmay_stone_trees_small
D:8:      layout_cave_pools, uniq_prince_ribbit1
D:9:      cheibrodos_grave_circle, layout_rooms, erik_orc_1, fungi_pond_lemuel,
          st_stairs_8, minmay_between
D:10:     layout_long_grid, erik_lair_orcish_takeover, kennysheep_generic_room_8
D:11:     layout_roguey, nicolae_trove_entry_columns,
          kennysheep_opposing_triangles, uniq_snorg, uniq_josephine, uniq_urug
D:12:     layout_stronghold, uniq_frances
D:13:     layout_gridville, david_vaults_2, serial_glass, glass_columns_a,
          glass_columns_c, glass_columns_a, glass_columns_a, glass_columns_b,
          glass_columns_a, glass_columns_a, glass_columns_a,
          chequers_serial_rivers_micro_a, nicolae_qazlal_general_emergency
D:14:     layout_rooms, kennysheep_cluttered_room, minmay_misc_feat_iff,
          st_stairs_9
D:15:     gammafunk_depths_entry_grave, layout_loops_corners,
          grunt_dithmenos_shadows, gauntlet_entry_generic
Lair:1:   layout_small_grid
Lair:2:   layout_roguey, palyth_hydra_swamp_entry, spider_nest_entry_a,
          portal_ice_cave_entry_ice_simulacra, nicolae_volcano_entry_lava_flow,
          uniq_nergalle
Lair:3:   layout_chaotic_city, basic_altar, serial_bayou_lagoon_b,
          infiniplex_staircase_pool
Lair:4:   nzn_winding_woodlands_cross
          [nzn_winding_woodlands_5x15_pathside_ponds,
          nzn_winding_woodlands_5x15_split_checker,
          nzn_winding_woodlands_5x15_river_crossing,
          nzn_winding_woodlands_5x15_lazy_stream,
          nzn_winding_woodlands_15x15_killbox], layout_hall_layers,
          grunt_forest_stairs_clearing, uniq_sonja
Lair:5:   layout_regular_city, guppyfry_lair_drakes
Lair:6:   wormcave, layout_regular_city, hangedman_lair_caniforms_friends,
          slime_altar_1
Orc:1:    layout_caves, serial_shops, nicolae_diamond_shop, led_sif_book
Orc:2:    grunt_orc_community_town_hall, layout_caves,
          grunt_orc_community_big_house_2, grunt_orc_community_big_house_2,
          grunt_orc_community_house_3, grunt_orc_community_house_3,
          grunt_orc_community_house_1, grunt_orc_community_house_3,
          grunt_orc_community_house_3, grunt_orc_community_house_3,
          lightli_church_of_beogh

Skill      XL: |  1  2  3  4  5  6  7  8  9 10 11 12 13 14 15 |
---------------+----------------------------------------------+-----
Conjurations   | 1 2 3 4 5 6 7 9 10 12 | 12.0
Fire Magic     | 3 4 5 6 7 9 10 11 12 | 12.0
Spellcasting   | 4 6 |  6.0
Fighting       | 3 4 6 9 10 12 | 12.0
Dodging        | 3 6 8 9 |  9.0
Stealth        | 3 4 |  4.0
Shields        | 2 6 |  6.0
Evocations     | 2 6 |  6.0
Armour         | 5 6 |  6.0
Short Blades   | 3 5 |  5.4

Action                   |  1- 3 |  4- 6 |  7- 9 | 10-12 | 13-15 || total
-------------------------+-------+-------+-------+-------+-------++-------
Melee: Dagger            |     8 |       |    34 |    49 |       ||    91
       Short sword       |       |       |       |    90 |   456 ||   546
       Broad axe         |       |       |       |     8 |    10 ||    18
Throw: Dart              |       |     1 |       |     6 |    36 ||    43
       Boomerang         |       |       |       |     4 |       ||     4
 Cast: Foxfire           |   109 |    72 |   298 |   233 |   185 ||   897
       Conjure Flame     |       |     1 |    14 |    66 |    87 ||   168
       Sticky Flame      |       |       |    22 |    85 |   141 ||   248
       Fireball          |       |       |     1 |    58 |   102 ||   161
       Apportation       |       |       |       |     2 |     5 ||     7
       Bolt of Magma     |       |       |       |       |    36 ||    36
Evoke: Wand              |       |       |       |    22 |     9 ||    31
       Phial of floods   |       |       |       |       |     1 ||     1
  Use: Scroll            |       |       |     8 |    19 |     9 ||    36
       Potion            |       |       |       |     8 |     2 ||    10
 Stab: Sleeping          |     2 |       |       |     1 |     2 ||     5
       Paralysed         |       |       |       |       |     2 ||     2
Armor: Robe              |     8 |     2 |    17 |    16 |       ||    43
       Steam dragon scal |       |       |       |    84 |   259 ||   343
Dodge: Dodged            |    20 |    15 |   110 |   170 |   483 ||   798
Block: Buckler           |       |       |       |    41 |   183 ||   224
